 Seeded DCSS version 0.27.1-2-g3b301248ec (webtiles) character file.

Game seed: 14551798346683263451 (custom seed)

35 babuloseo the Shooter (level 3, -5/28 HPs)
             Began as a Human Hunter on Oct 2, 2021.
             Killed from afar by Robin (6 damage)
             ... with a puff of flame
             ... on level 2 of the Dungeon.
             The game lasted 00:01:23 (754 turns).

babuloseo the Shooter (Human Hunter)                 Turns: 754, Time: 00:01:23

Health: -5/28      AC:  3    Str: 12    XL:     3   Next: 55%
Magic:  3/3        EV: 12    Int: 11    God:
Gold:   46         SH:  0    Dex: 14    Spells: 2/2 levels left

rFire    . . .     SeeInvis .   a - +1 shortbow
rCold    . . .     Faith    .   (shield currently unavailable)
rNeg     . . .     Spirit   .   c - +0 leather armour
rPois    .         Reflect  .   (no helmet)
rElec    .         Harm     .   (no cloak)
rCorr    .         Rampage  .   (no gloves)
Will     .....                  (no boots)
Stlth    +.........             (no amulet)
HPRegen  0.09/turn              (no ring)
MPRegen  0.08/turn              (no ring)

@: no status effects
A: no striking features
a: no special abilities


You were on level 2 of the Dungeon.
You visited 1 branch of the dungeon, and saw 2 of its levels.

You collected 46 gold pieces.

Inventory:

Hand Weapons
 a - a +1 shortbow (weapon)
 b - a +0 short sword
 i - a +1 vorpal longbow
Missiles
 d - 29 arrows (quivered ammo)
Armour
 c - a +0 leather armour (worn)
Scrolls
 e - a scroll of torment {unknown}
 f - a scroll of enchant armour {unknown}
 g - a scroll of identify {unknown}
Potions
 h - a potion of brilliance {unknown}


   Skills:
 + Level 2.4 Fighting
 + Level 4.7 Bows
 + Level 0.4 Armour
 + Level 2.1 Dodging
 + Level 1.0 Stealth


You had 2 spell levels left.
You didn't know any spells.
Your spell library contained the following spells:

 Spells                   Type           Power      Damage    Failure   Level
 Magic Dart               Conj           0%         1d3       41%         1
 Call Imp                 Summ           0%         N/A       56%         2
 Searing Ray              Conj           0%         3d3       56%         2
 Mephitic Cloud           Conj/Pois/Air  0%         N/A       80%         3
 Fulminant Prism          Conj/Hex       0%         3d6       99%         4


Dungeon Overview and Level Annotations

Branches:
Dungeon (2/15)

Altars:
Qazlal

Annotations:
D:2 1 runed translucent door, Robin


Message History

The goblin hits you with a +0 dagger.
Fire: 34 arrows
Press: ? - help, Q - select action Shift-Dir - straight line, f/p - Robin
Aim: Robin, wielding a +0 club, wearing a +0 animal skin, wearing a +1 helmet of intelligence and carrying a wand of flame (18) (lightly wounded, 70% to hit)
You shoot an arrow. The arrow barely misses the goblin.
The arrow hits Robin but does no damage.
Robin is lightly wounded.
You hear a shout!
The goblin hits you with a +0 dagger. Robin throws the goblin at you!
Fire: 33 arrows
Press: ? - help, Q - select action Shift-Dir - straight line, f/p - Robin
Aim: Robin, wielding a +0 club, wearing a +0 animal skin, wearing a +1 helmet of intelligence and carrying a wand of flame (18) (lightly wounded, 70% to hit)
You shoot an arrow. The arrow closely misses the goblin.
The arrow hits Robin.
Robin is moderately wounded.
The goblin hits you but does no damage. The goblin hits you with a +0 dagger.
Fire: 32 arrows
Press: ? - help, Q - select action Shift-Dir - straight line, f/p - Robin
Aim: Robin, wielding a +0 club, wearing a +0 animal skin, wearing a +1 helmet of intelligence and carrying a wand of flame (18) (moderately wounded, 70% to hit)
You shoot an arrow. The arrow closely misses the goblin.
The arrow completely misses Robin.
The goblin hits you with a +0 dagger.
* * * LOW HITPOINT WARNING * * *
The goblin hits you but does no damage.
Fire: 31 arrows
Press: ? - help, Q - select action Shift-Dir - straight line, f/p - Robin
Aim: Robin, wielding a +0 club, wearing a +0 animal skin, wearing a +1 helmet of intelligence and carrying a wand of flame (18) (moderately wounded, 70% to hit)
You shoot an arrow. The arrow hits the goblin.
You kill the goblin!
The goblin hits you with a +0 dagger.
* * * LOW HITPOINT WARNING * * *
Unknown command.
Fire: 30 arrows
Press: ? - help, Q - select action Shift-Dir - straight line, f/p - Robin
Aim: Robin, wielding a +0 club, wearing a +0 animal skin, wearing a +1 helmet of intelligence and carrying a wand of flame (18) (moderately wounded, 70% to hit)
You shoot an arrow. The arrow hits the goblin.
You kill the goblin!
The goblin hits you with a +0 dagger.
* * * LOW HITPOINT WARNING * * *
Robin zaps a wand.
The puff of flame hits you.
You die...

#...........## )..#
..........#.# .+.
#.###.#.#.#)# ♣
#........# # #.....>#.#
#.##......#.##
#............## ###
####g#......#.# #..
#@##...###.#####..
#)##....#.........
#....gg.##........).....
#.(..(####.##.#.....†...
#..... #(......#####..
##### ####.#### #.. #.#
#.. #.# #.. #.# #..


You could see Robin and a goblin (strong).

Vanquished Creatures
  An adder (D:2)
  9 goblins (D:2)
  6 hobgoblins (D:2)
  A quokka (D:2)
  3 ball pythons (D:2)
  A bat (D:2)
  3 rats (D:2)
24 creatures vanquished.

Notes
Turn   | Place    | Note
-------+----------+-------------------------------------------
     0 | D:1      | babuloseo the Human Hunter began the quest for the Orb.
     0 | D:1      | Reached XP level 1. HP: 16/16 MP: 1/1
     9 | D:2      | Found a stormy altar of Qazlal.
    14 | D:2      | Reached XP level 2. HP: 20/22 MP: 2/2
   224 | D:2      | Found a runed translucent door.
   513 | D:2      | Identified a scroll of acquirement
   513 | D:2      | Acquired a +1 vorpal longbow
   557 | D:2      | Reached XP level 3. HP: 27/27 MP: 3/3
   740 | D:2      | Noticed Robin
   754 | D:2      | HP: 1/28 [goblin[Robin] (5)]
   754 | D:2      | Killed from afar by Robin

Illustrated notes

Levels and vault maps discovered:
D:1:      lemuel_arrival_river_bridge, layout_rooms
D:2:      layout_loops_cross, basic_altar, serial_shops, shop,
          minmay_goblin_kobold_house, uniq_crazy_yiuf_cottage, uniq_robin

Action                   || total
-------------------------++-------
 Fire: Shortbow          ||    61
  Use: Scroll            ||     1
Armor: Leather armour    ||    15
Dodge: Dodged            ||    15
